[ AOE2 MATCH · #459012784 ]
UnrankedMalians vs Portuguese
[ REPLAY ANALYSIS · EXTRACTED FROM THE RECORDED GAME ]
Feudal
8:17
Castle
25:53
Imperial
38:52
| APM avg | 26.5 |
| APM peak | 60 |
| eAPM avg | 17.1 |
| Villagers / military | 108 / 53 |
Focus
⚔️ 35.0% · 🌾 65.0%
Militia ×38 · Gbeto ×15
Feudal
11:02
Castle
13:55
Imperial
30:10
| APM avg | 28.8 |
| APM peak | 76 |
| eAPM avg | 16.1 |
| Villagers / military | 109 / 111 |
Focus
⚔️ 24.2% · 🌾 75.8%
Karambit Warrior ×70 · Battle Elephant ×31 · Battering Ram ×6 · Bombard Cannon ×4
Feudal
11:22
Castle
15:22
Imperial
—
| APM avg | 20.4 |
| APM peak | 49 |
| eAPM avg | 14.4 |
| Villagers / military | 125 / 12 |
Focus
⚔️ 8.3% · 🌾 91.7%
Organ Gun ×9 · Monk ×3 · Trade Cart ×1
Feudal
8:55
Castle
22:11
Imperial
38:25
| APM avg | 37.7 |
| APM peak | 96 |
| eAPM avg | 15.7 |
| Villagers / military | 131 / 135 |
Focus
⚔️ 27.5% · 🌾 72.5%
Steppe Lancer ×92 · Skirmisher ×42 · Trebuchet (Packed) ×1
Feudal
10:31
Castle
14:01
Imperial
27:18
| APM avg | 86.5 |
| APM peak | 149 |
| eAPM avg | 62.3 |
| Villagers / military | 132 / 160 |
Focus
⚔️ 76.3% · 🌾 23.7%
Scout Cavalry ×82 · Janissary ×60 · Bombard Cannon ×14 · Monk ×4
Feudal
11:22
Castle
14:54
Imperial
28:32
| APM avg | 36.4 |
| APM peak | 66 |
| eAPM avg | 18.9 |
| Villagers / military | 139 / 91 |
Focus
⚔️ 46.6% · 🌾 53.4%
Cavalry Archer ×79 · Skirmisher ×8 · Trebuchet (Packed) ×4
Feudal
8:26
Castle
21:43
Imperial
37:42
| APM avg | 40.2 |
| APM peak | 81 |
| eAPM avg | 25.5 |
| Villagers / military | 153 / 44 |
Focus
⚔️ 23.5% · 🌾 76.5%
Spearman ×31 · Mangonel ×5 · Monk ×3 · Militia ×3 · Battering Ram ×2
Feudal
10:05
Castle
14:07
Imperial
27:47
| APM avg | 43.3 |
| APM peak | 83 |
| eAPM avg | 28.4 |
| Villagers / military | 201 / 144 |
Focus
⚔️ 46.1% · 🌾 53.9%
Eagle Scout ×76 · Plumed Archer ×62 · Trebuchet (Packed) ×4 · Mangonel ×2
Match map
Initial resources + every placement click. Lines = walls · curves = elevation contours. ◆ gold · ⬟ stone · ● berries · ✦ relic · ◌ wall gap
Inputs per minute
— Maple Jordan - - Sam_09
Build order — Maple Jordan
First 150 of 275 actions detected
| 0:01 | Create | Villager (Male) |
| 0:01 | Create | Villager (Male) |
| 0:02 | Create | Villager (Male) |
| 0:02 | Create | Villager (Male) |
| 0:04 | Build | House |
| 0:06 | Build | House |
| 1:11 | Create | Villager (Male) |
| 1:55 | Create | Villager (Male) |
| 2:11 | Build | Lumber Camp |
| 2:16 | Create | Villager (Male) |
| 2:56 | Create | Villager (Male) |
| 3:13 | Build | House |
| 3:22 | Create | Villager (Male) |
| 3:43 | Create | Villager (Male) |
| 3:43 | Create | Villager (Male) |
| 4:16 | Build | Mining Camp |
| 4:19 | Create | Villager (Male) |
| 4:31 | Create | Villager (Male) |
| 4:35 | Research | Loom |
| 6:07 | Research | Feudal Age |
| 6:26 | Build | House |
| 6:57 | Create | Villager (Male) |
| 8:17 | Age | Feudal Age |
| 8:22 | Build | Watch Tower |
| 8:26 | Build | Blacksmith |
| 8:37 | Build | House |
| 8:40 | Build | Palisade Wall |
| 8:41 | Build | Palisade Wall |
| 8:44 | Build | Palisade Wall |
| 8:46 | Build | Palisade Wall |
| 8:47 | Build | Palisade Wall |
| 8:53 | Create | Villager (Male) |
| 8:54 | Create | Villager (Male) |
| 9:00 | Research | Fletching |
| 9:50 | Create | Villager (Male) |
| 10:01 | Build | Stone Wall |
| 10:16 | Build | Watch Tower |
| 10:39 | Create | Villager (Male) |
| 11:11 | Build | Watch Tower |
| 11:29 | Build | Stone Wall |
| 11:48 | Create | Villager (Male) |
| 12:19 | Build | House |
| 12:39 | Build | Watch Tower |
| 12:45 | Create | Villager (Male) |
| 13:05 | Create | Villager (Male) |
| 13:31 | Create | Villager (Male) |
| 13:59 | Create | Villager (Male) |
| 14:00 | Create | Villager (Male) |
| 14:08 | Build | Watch Tower |
| 14:14 | Create | Villager (Male) |
| 15:19 | Build | Mill |
| 15:35 | Create | Villager (Male) |
| 16:11 | Create | Villager (Male) |
| 16:25 | Build | Watch Tower |
| 16:28 | Create | Villager (Male) |
| 16:28 | Create | Villager (Male) |
| 16:54 | Create | Villager (Male) |
| 17:24 | Create | Villager (Male) |
| 17:33 | Build | Farm |
| 17:34 | Build | Farm |
| 17:35 | Build | Farm |
| 17:36 | Build | Farm |
| 18:09 | Build | Watch Tower |
| 18:14 | Create | Villager (Male) |
| 18:14 | Create | Villager (Male) |
| 18:39 | Build | Mining Camp |
| 18:40 | Create | Villager (Male) |
| 18:42 | Build | Farm |
| 18:56 | Build | Watch Tower |
| 19:06 | Create | Villager (Male) |
| 19:07 | Create | Villager (Male) |
| 19:33 | Create | Villager (Male) |
| 19:33 | Create | Villager (Male) |
| 19:51 | Create | Villager (Male) |
| 19:57 | Build | House |
| 19:58 | Build | House |
| 20:00 | Research | Wheelbarrow |
| 20:17 | Create | Villager (Male) |
| 20:38 | Create | Villager (Male) |
| 20:46 | Build | Watch Tower |
| 20:58 | Build | Market |
| 21:02 | Build | Palisade Wall |
| 21:11 | Create | Villager (Male) |
| 21:20 | Build | Farm |
| 21:21 | Build | Farm |
| 21:40 | Create | Villager (Male) |
| 21:43 | Create | Villager (Male) |
| 22:13 | Create | Villager (Male) |
| 22:45 | Build | Farm |
| 22:47 | Build | Farm |
| 23:13 | Research | Castle Age |
| 23:14 | Research | Castle Age |
| 23:56 | Create | Villager (Male) |
| 23:56 | Create | Villager (Male) |
| 24:24 | Create | Villager (Male) |
| 24:25 | Create | Villager (Male) |
| 24:52 | Research | Double-Bit Axe |
| 24:54 | Research | Horse Collar |
| 25:41 | Create | Villager (Male) |
| 25:53 | Age | Castle Age |
| 25:57 | Build | University |
| 26:03 | Research | Bodkin Arrow |
| 26:13 | Create | Villager (Male) |
| 26:22 | Research | Guard Tower (upgrade) |
| 26:27 | Build | Lumber Camp |
| 27:10 | Create | Villager (Male) |
| 27:11 | Create | Villager (Male) |
| 27:27 | Build | Castle |
| 27:44 | Create | Villager (Male) |
| 27:45 | Create | Villager (Male) |
| 27:46 | Build | Farm |
| 27:47 | Build | Farm |
| 27:48 | Build | Farm |
| 27:48 | Build | Farm |
| 28:10 | Create | Villager (Male) |
| 28:14 | Create | Villager (Male) |
| 28:14 | Create | Villager (Male) |
| 28:36 | Create | Villager (Male) |
| 28:41 | Build | Town Center |
| 29:06 | Create | Villager (Male) |
| 29:09 | Build | Lumber Camp |
| 29:27 | Create | Villager (Male) |
| 29:27 | Create | Villager (Male) |
| 29:33 | Create | Villager (Male) |
| 29:33 | Create | Villager (Male) |
| 29:43 | Build | Mill |
| 29:44 | Build | Farm |
| 29:44 | Build | Farm |
| 29:45 | Build | Farm |
| 29:45 | Build | Farm |
| 29:45 | Build | Farm |
| 29:45 | Build | Farm |
| 29:48 | Create | Gbeto |
| 29:53 | Create | Gbeto |
| 30:09 | Create | Villager (Male) |
| 30:09 | Create | Villager (Male) |
| 30:14 | Build | Farm |
| 30:14 | Build | Farm |
| 30:14 | Build | Farm |
| 30:22 | Create | Gbeto |
| 31:00 | Create | Villager (Male) |
| 31:01 | Create | Villager (Male) |
| 31:01 | Create | Villager (Male) |
| 31:05 | Build | Farm |
| 31:07 | Build | Farm |
| 31:12 | Build | Farm |
| 31:13 | Build | Farm |
| 31:17 | Create | Villager (Male) |
| 31:22 | Build | Farm |
| 31:22 | Build | Farm |
Build order — Sam_09
First 150 of 321 actions detected
| 0:02 | Create | Villager (Male) ×4 |
| 0:04 | Build | House |
| 0:04 | Build | House |
| 1:38 | Create | Villager (Male) |
| 1:46 | Build | Lumber Camp |
| 1:58 | Create | Villager (Male) |
| 1:58 | Create | Villager (Male) |
| 2:10 | Create | Villager (Male) |
| 2:48 | Create | Villager (Male) |
| 3:13 | Build | House |
| 3:14 | Build | House |
| 3:24 | Create | Villager (Male) |
| 3:37 | Create | Villager (Male) |
| 4:18 | Create | Villager (Male) |
| 4:18 | Create | Villager (Male) |
| 4:31 | Build | Mill |
| 4:53 | Create | Villager (Male) |
| 4:53 | Create | Villager (Male) |
| 5:12 | Build | House |
| 5:36 | Create | Villager (Male) |
| 5:37 | Create | Villager (Male) |
| 6:24 | Create | Villager (Male) |
| 6:29 | Build | Lumber Camp |
| 7:14 | Create | Villager (Male) |
| 7:14 | Create | Villager (Male) |
| 7:38 | Create | Villager (Male) |
| 7:42 | Build | Farm |
| 7:45 | Build | Farm |
| 7:52 | Create | Villager (Male) |
| 8:08 | Build | Farm |
| 8:16 | Create | Villager (Male) |
| 8:49 | Research | Feudal Age |
| 8:52 | Build | Mining Camp |
| 9:02 | Build | Farm |
| 9:12 | Create | Villager (Male) |
| 9:29 | Research | Feudal Age |
| 9:58 | Create | Villager (Male) |
| 9:58 | Create | Villager (Male) |
| 10:56 | Build | Mining Camp |
| 11:02 | Age | Feudal Age |
| 11:08 | Build | Market |
| 11:37 | Build | Blacksmith |
| 11:52 | Create | Villager (Male) |
| 12:02 | Build | House |
| 12:19 | Research | Castle Age |
| 13:12 | Research | Horse Collar |
| 13:25 | Research | Double-Bit Axe |
| 13:25 | Research | Double-Bit Axe |
| 13:51 | Build | Farm |
| 13:55 | Age | Castle Age |
| 14:03 | Build | Siege Workshop |
| 14:06 | Create | Villager (Male) |
| 14:06 | Create | Villager (Male) |
| 14:10 | Build | Farm |
| 14:40 | Research | Bow Saw |
| 14:44 | Research | Loom |
| 14:47 | Build | House |
| 15:07 | Create | Battering Ram |
| 15:09 | Create | Villager (Male) |
| 15:25 | Build | Farm |
| 15:26 | Build | Farm |
| 15:43 | Create | Villager (Male) |
| 16:03 | Build | Farm |
| 16:12 | Build | Farm |
| 16:14 | Create | Villager (Male) |
| 16:26 | Build | Castle |
| 16:29 | Create | Battering Ram |
| 16:32 | Create | Villager (Male) |
| 16:45 | Create | Villager (Male) |
| 16:58 | Create | Battering Ram |
| 17:08 | Build | Farm |
| 17:12 | Create | Villager (Male) |
| 17:23 | Research | Forging |
| 17:34 | Create | Villager (Male) |
| 17:55 | Create | Battering Ram |
| 18:01 | Build | House |
| 18:07 | Build | House |
| 18:08 | Build | House |
| 18:30 | Create | Karambit Warrior |
| 18:30 | Create | Karambit Warrior |
| 18:43 | Create | Karambit Warrior |
| 18:43 | Create | Karambit Warrior |
| 18:57 | Create | Karambit Warrior |
| 18:58 | Create | Karambit Warrior |
| 19:12 | Create | Karambit Warrior |
| 19:12 | Create | Karambit Warrior |
| 19:38 | Create | Karambit Warrior |
| 19:38 | Create | Karambit Warrior |
| 19:41 | Create | Villager (Male) |
| 19:41 | Create | Villager (Male) |
| 19:44 | Build | Farm |
| 19:45 | Build | Farm |
| 19:48 | Build | Farm |
| 19:51 | Build | Farm |
| 19:54 | Build | Farm |
| 19:56 | Build | Farm |
| 20:00 | Build | Farm |
| 20:11 | Create | Battering Ram |
| 20:15 | Create | Karambit Warrior |
| 20:15 | Create | Karambit Warrior |
| 20:30 | Create | Karambit Warrior |
| 20:30 | Create | Karambit Warrior |
| 20:30 | Create | Karambit Warrior |
| 21:03 | Create | Villager (Male) |
| 21:03 | Create | Villager (Male) |
| 21:03 | Create | Villager (Male) |
| 21:06 | Research | Gold Mining |
| 21:29 | Create | Karambit Warrior |
| 21:29 | Create | Karambit Warrior |
| 21:30 | Create | Karambit Warrior |
| 21:41 | Create | Karambit Warrior |
| 21:41 | Create | Karambit Warrior |
| 21:55 | Build | Town Center |
| 22:14 | Create | Karambit Warrior ×5 |
| 22:31 | Create | Villager (Male) |
| 22:31 | Create | Villager (Male) |
| 22:35 | Build | Farm |
| 22:36 | Build | Farm |
| 22:36 | Build | Farm |
| 22:37 | Build | Farm |
| 22:39 | Build | Farm |
| 22:39 | Build | Farm |
| 23:01 | Research | Iron Casting |
| 23:02 | Create | Villager (Male) |
| 23:12 | Build | Town Center |
| 23:43 | Create | Karambit Warrior ×5 |
| 24:03 | Create | Battering Ram |
| 24:15 | Create | Villager (Male) |
| 24:15 | Create | Villager (Male) |
| 24:16 | Research | Wheelbarrow |
| 24:20 | Build | Farm |
| 24:21 | Build | Farm |
| 24:23 | Build | Farm |
| 24:24 | Build | Farm |
| 25:16 | Create | Karambit Warrior ×5 |
| 25:34 | Create | Villager (Male) |
| 25:35 | Research | Hand Cart |
| 25:37 | Research | Town Watch |
| 25:38 | Create | Villager (Male) |
| 25:38 | Create | Villager (Male) |
| 26:12 | Create | Villager (Male) |
| 26:14 | Create | Villager (Male) |
| 26:15 | Create | Villager (Male) |
| 26:50 | Create | Villager (Male) |
| 26:51 | Create | Villager (Male) |
| 26:51 | Create | Villager (Male) |
| 26:52 | Create | Villager (Male) |
| 26:57 | Build | Farm |
| 26:59 | Build | Farm |
| 27:07 | Build | Mining Camp |
Build order — Agen
First 150 of 227 actions detected
| 0:02 | Create | Villager (Male) |
| 0:02 | Create | Villager (Male) |
| 0:02 | Create | Villager (Male) |
| 0:03 | Build | House |
| 0:06 | Build | House |
| 0:15 | Create | Villager (Male) |
| 1:30 | Create | Villager (Male) |
| 1:51 | Build | Lumber Camp |
| 1:58 | Create | Villager (Male) |
| 2:17 | Create | Villager (Male) |
| 2:17 | Create | Villager (Male) |
| 2:46 | Create | Villager (Male) |
| 2:47 | Create | Villager (Male) |
| 3:07 | Build | House |
| 3:08 | Build | House |
| 3:16 | Create | Villager (Male) |
| 3:36 | Create | Villager (Male) |
| 4:10 | Create | Villager (Male) |
| 4:14 | Build | House |
| 4:17 | Build | House |
| 4:32 | Create | Villager (Male) |
| 4:56 | Create | Villager (Male) |
| 5:24 | Create | Villager (Male) |
| 5:25 | Create | Villager (Male) |
| 5:37 | Create | Villager (Male) |
| 5:59 | Build | Mill |
| 6:00 | Create | Villager (Male) |
| 6:25 | Create | Villager (Male) |
| 6:44 | Build | Farm |
| 6:45 | Build | Farm |
| 6:47 | Create | Villager (Male) |
| 7:09 | Create | Villager (Male) |
| 7:22 | Build | Farm |
| 7:43 | Build | Farm |
| 7:47 | Create | Villager (Male) |
| 8:01 | Create | Villager (Male) |
| 8:17 | Create | Villager (Male) |
| 8:23 | Build | Farm |
| 8:27 | Research | Feudal Age |
| 8:57 | Build | Mining Camp |
| 9:27 | Build | Farm |
| 10:23 | Build | Farm |
| 10:30 | Build | Farm |
| 10:39 | Build | Farm |
| 11:22 | Age | Feudal Age |
| 11:25 | Build | Market |
| 11:27 | Create | Villager (Male) |
| 11:39 | Create | Villager (Male) |
| 12:04 | Build | Blacksmith |
| 12:13 | Create | Villager (Male) |
| 12:34 | Research | Castle Age |
| 12:37 | Research | Double-Bit Axe |
| 12:48 | Research | Horse Collar |
| 13:41 | Build | Mining Camp |
| 13:51 | Create | Villager (Male) |
| 14:28 | Create | Villager (Male) |
| 15:13 | Create | Villager (Male) |
| 15:22 | Age | Castle Age |
| 15:29 | Build | Monastery |
| 15:32 | Build | University |
| 15:35 | Create | Villager (Male) |
| 15:49 | Create | Villager (Male) |
| 16:18 | Build | House |
| 16:19 | Build | House |
| 16:24 | Create | Villager (Male) |
| 16:28 | Create | Trade Cart |
| 16:33 | Create | Monk |
| 16:37 | Create | Villager (Male) |
| 16:42 | Create | Villager (Male) |
| 16:51 | Create | Villager (Male) |
| 16:54 | Create | Villager (Male) |
| 17:11 | Create | Monk |
| 17:25 | Create | Villager (Male) |
| 17:28 | Research | Loom |
| 17:42 | Build | Farm |
| 17:42 | Build | Farm |
| 17:43 | Create | Villager (Male) |
| 18:00 | Create | Monk |
| 18:07 | Create | Villager (Male) |
| 18:09 | Build | Farm |
| 18:09 | Create | Villager (Male) |
| 18:26 | Build | Castle |
| 18:48 | Build | Farm |
| 19:23 | Create | Villager (Male) |
| 19:46 | Create | Villager (Male) |
| 20:07 | Build | Castle |
| 20:12 | Create | Villager (Male) |
| 20:22 | Research | Fletching |
| 20:27 | Build | House |
| 20:46 | Build | House |
| 21:13 | Create | Organ Gun |
| 21:14 | Create | Organ Gun |
| 21:23 | Build | Lumber Camp |
| 21:28 | Create | Villager (Male) |
| 22:13 | Create | Villager (Male) |
| 22:29 | Create | Organ Gun |
| 22:30 | Create | Organ Gun |
| 22:35 | Create | Villager (Male) |
| 22:37 | Create | Villager (Male) |
| 22:41 | Create | Villager (Male) |
| 22:43 | Create | Organ Gun |
| 22:44 | Create | Organ Gun |
| 22:53 | Create | Villager (Male) |
| 23:07 | Research | Loom |
| 23:48 | Create | Organ Gun |
| 23:48 | Create | Organ Gun |
| 23:48 | Create | Organ Gun |
| 25:33 | Build | Market |
| 25:44 | Build | House |
| 25:44 | Build | House |
| 26:11 | Build | Town Center |
| 26:44 | Build | House |
| 26:48 | Create | Villager (Male) |
| 26:48 | Create | Villager (Male) |
| 26:49 | Create | Villager (Male) |
| 26:52 | Create | Villager (Male) |
| 26:57 | Build | House |
| 27:00 | Create | Villager (Male) |
| 27:05 | Build | Farm |
| 27:13 | Create | Villager (Male) |
| 27:24 | Build | Farm |
| 27:25 | Build | Farm |
| 27:26 | Create | Villager (Male) |
| 27:33 | Build | Farm |
| 27:41 | Build | Farm |
| 27:48 | Build | Farm |
| 27:48 | Create | Villager (Male) |
| 28:13 | Create | Villager (Male) |
| 28:27 | Build | Farm |
| 28:28 | Build | Farm |
| 28:34 | Build | Mill |
| 28:35 | Build | Farm |
| 28:38 | Create | Villager (Male) |
| 28:42 | Build | House |
| 28:47 | Build | House |
| 28:53 | Build | Farm |
| 29:01 | Build | Farm |
| 29:24 | Create | Villager (Male) |
| 29:31 | Create | Villager (Male) |
| 29:38 | Build | Farm |
| 29:41 | Build | Farm |
| 29:44 | Build | House |
| 30:16 | Create | Villager (Male) |
| 30:43 | Create | Villager (Male) |
| 31:20 | Build | Town Center |
| 31:21 | Create | Villager (Male) |
| 31:30 | Build | Lumber Camp |
| 31:32 | Create | Villager (Male) |
| 31:36 | Create | Villager (Male) |
| 31:48 | Create | Villager (Male) |
Build order — Rakosnik
First 150 of 368 actions detected
| 0:01 | Create | Villager (Male) ×4 |
| 0:03 | Build | House |
| 0:05 | Build | House |
| 1:25 | Create | Villager (Male) |
| 1:49 | Build | Lumber Camp |
| 1:57 | Create | Villager (Male) |
| 1:57 | Create | Villager (Male) |
| 2:14 | Create | Villager (Male) |
| 2:47 | Create | Villager (Male) |
| 3:31 | Create | Villager (Male) |
| 3:31 | Create | Villager (Male) |
| 3:43 | Build | House |
| 4:11 | Create | Villager (Male) |
| 4:11 | Create | Villager (Male) |
| 4:15 | Build | House |
| 4:29 | Build | Mill |
| 4:51 | Create | Villager (Male) |
| 5:15 | Create | Villager (Male) |
| 5:15 | Create | Villager (Male) |
| 5:22 | Create | Villager (Male) |
| 6:45 | Research | Feudal Age |
| 6:53 | Build | House |
| 7:44 | Research | Loom |
| 8:55 | Age | Feudal Age |
| 8:58 | Build | Town Center |
| 9:00 | Create | Villager (Male) |
| 9:16 | Create | Villager (Male) |
| 9:36 | Build | House |
| 9:38 | Create | Villager (Male) |
| 10:08 | Create | Villager (Male) |
| 10:32 | Build | Barracks |
| 10:41 | Create | Villager (Male) |
| 10:43 | Create | Villager (Male) |
| 10:48 | Create | Villager (Male) |
| 10:52 | Build | House |
| 11:04 | Create | Villager (Male) |
| 11:15 | Create | Villager (Male) |
| 11:16 | Create | Villager (Male) |
| 11:18 | Create | Villager (Male) |
| 11:37 | Create | Villager (Male) |
| 12:14 | Build | Farm |
| 12:14 | Build | Farm |
| 12:15 | Build | Farm |
| 12:15 | Build | Farm |
| 12:15 | Build | Farm |
| 12:15 | Build | Farm |
| 12:16 | Build | Farm |
| 12:16 | Build | Farm |
| 12:16 | Build | Farm |
| 12:16 | Build | Farm |
| 12:36 | Research | Loom |
| 13:13 | Build | House |
| 13:22 | Create | Villager (Male) |
| 13:27 | Build | Farm |
| 13:29 | Build | Farm |
| 13:29 | Build | Farm |
| 13:32 | Build | Farm |
| 13:32 | Build | Farm |
| 13:39 | Build | Farm |
| 13:39 | Create | Villager (Male) |
| 13:42 | Build | Farm |
| 14:03 | Create | Villager (Male) |
| 14:04 | Create | Villager (Male) |
| 14:08 | Build | Farm |
| 14:08 | Build | Farm |
| 14:08 | Build | Farm |
| 14:09 | Build | Farm |
| 14:22 | Build | House |
| 14:30 | Create | Villager (Male) |
| 14:31 | Create | Villager (Male) |
| 14:35 | Build | Farm |
| 14:36 | Create | Villager (Male) |
| 14:43 | Create | Villager (Male) |
| 14:57 | Build | House |
| 14:59 | Create | Villager (Male) |
| 15:04 | Build | Mining Camp |
| 15:07 | Create | Villager (Male) |
| 15:15 | Build | Farm |
| 15:31 | Research | Double-Bit Axe |
| 15:34 | Create | Villager (Male) |
| 15:34 | Create | Villager (Male) |
| 15:38 | Build | Farm |
| 15:40 | Create | Villager (Male) |
| 16:03 | Create | Villager (Male) |
| 16:08 | Build | Farm |
| 16:11 | Build | House |
| 16:16 | Build | Farm |
| 16:20 | Create | Villager (Male) |
| 16:20 | Create | Villager (Male) |
| 16:44 | Build | House |
| 16:47 | Build | Farm |
| 16:49 | Create | Villager (Male) |
| 16:50 | Create | Villager (Male) |
| 17:04 | Create | Villager (Male) |
| 17:04 | Create | Villager (Male) |
| 17:11 | Build | Farm |
| 17:15 | Build | House |
| 17:50 | Create | Villager (Male) |
| 17:50 | Create | Villager (Male) |
| 17:53 | Build | Blacksmith |
| 18:01 | Build | Farm |
| 18:09 | Build | House |
| 18:13 | Create | Villager (Male) |
| 18:14 | Create | Villager (Male) |
| 18:39 | Create | Villager (Male) |
| 18:39 | Create | Villager (Male) |
| 18:46 | Build | Market |
| 18:54 | Build | House |
| 18:55 | Build | House |
| 18:58 | Create | Villager (Male) |
| 18:58 | Create | Villager (Male) |
| 19:27 | Research | Castle Age |
| 19:27 | Research | Castle Age |
| 19:30 | Create | Villager (Male) |
| 19:30 | Create | Villager (Male) |
| 19:38 | Build | Stable |
| 19:51 | Build | Farm |
| 19:51 | Build | Farm |
| 19:51 | Build | Farm |
| 19:52 | Build | Farm |
| 19:52 | Build | Farm |
| 19:53 | Create | Villager (Male) |
| 19:53 | Create | Villager (Male) |
| 20:06 | Build | Farm |
| 20:11 | Build | Farm |
| 20:24 | Research | Wheelbarrow |
| 20:31 | Research | Bloodlines |
| 20:34 | Research | Scale Barding Armor |
| 20:47 | Build | Stable |
| 21:00 | Build | Farm |
| 21:02 | Build | Farm |
| 21:06 | Create | Villager (Male) |
| 21:09 | Build | House |
| 21:10 | Build | House |
| 21:11 | Build | House |
| 21:21 | Build | Farm |
| 21:23 | Build | Farm |
| 21:27 | Research | Horse Collar |
| 21:36 | Build | Farm |
| 21:54 | Research | Forging |
| 22:02 | Build | House |
| 22:03 | Build | House |
| 22:11 | Age | Castle Age |
| 22:13 | Create | Villager (Male) |
| 22:13 | Create | Villager (Male) |
| 22:14 | Create | Villager (Male) |
| 22:18 | Create | Steppe Lancer |
| 22:18 | Create | Steppe Lancer |
| 22:26 | Build | Farm |
| 22:32 | Research | Bow Saw |
Build order — Viktor Dufka
First 150 of 404 actions detected
| 0:00 | Create | Villager (Male) |
| 0:01 | Create | Villager (Male) |
| 0:02 | Build | House |
| 0:03 | Build | House |
| 0:07 | Create | Villager (Male) |
| 0:15 | Create | Villager (Male) |
| 1:26 | Create | Villager (Male) |
| 1:55 | Create | Villager (Male) |
| 1:56 | Build | Lumber Camp |
| 2:25 | Create | Villager (Male) |
| 2:25 | Create | Villager (Male) |
| 3:04 | Build | House |
| 3:15 | Create | Villager (Male) |
| 3:16 | Build | House |
| 3:22 | Create | Villager (Male) |
| 3:36 | Build | House |
| 4:02 | Create | Villager (Male) |
| 4:02 | Create | Villager (Male) |
| 4:36 | Create | Villager (Male) |
| 4:36 | Create | Villager (Male) |
| 4:55 | Build | Mill |
| 5:20 | Create | Villager (Male) |
| 5:45 | Create | Villager (Male) |
| 5:45 | Create | Villager (Male) |
| 6:34 | Create | Villager (Male) |
| 6:34 | Create | Villager (Male) |
| 6:45 | Build | Farm |
| 6:53 | Build | Farm |
| 7:20 | Create | Villager (Male) |
| 7:20 | Create | Villager (Male) |
| 7:55 | Research | Feudal Age |
| 8:08 | Build | Mining Camp |
| 8:52 | Create | Villager (Male) |
| 8:52 | Create | Villager (Male) |
| 10:31 | Age | Feudal Age |
| 10:32 | Build | Market |
| 10:34 | Build | Blacksmith |
| 10:43 | Build | House |
| 11:19 | Research | Castle Age |
| 11:27 | Research | Double-Bit Axe |
| 12:03 | Research | Horse Collar |
| 12:05 | Build | Farm |
| 12:12 | Build | Farm |
| 13:46 | Create | Villager (Male) |
| 13:46 | Create | Villager (Male) |
| 14:01 | Age | Castle Age |
| 14:02 | Build | Town Center |
| 14:04 | Build | Monastery |
| 14:23 | Build | Town Center |
| 14:45 | Build | House |
| 14:47 | Create | Villager (Male) |
| 14:50 | Create | Monk |
| 14:56 | Research | Heavy Plow |
| 14:56 | Research | Heavy Plow |
| 15:06 | Create | Villager (Male) |
| 15:11 | Create | Villager (Male) |
| 15:22 | Create | Villager (Male) |
| 15:25 | Build | Farm |
| 15:31 | Build | Farm |
| 15:35 | Create | Villager (Male) |
| 15:35 | Create | Villager (Male) |
| 15:39 | Create | Monk |
| 15:49 | Build | Farm |
| 15:59 | Create | Villager (Male) |
| 16:05 | Build | Farm |
| 16:22 | Build | Farm |
| 16:23 | Create | Villager (Male) |
| 16:25 | Build | Farm |
| 16:31 | Build | Farm |
| 16:38 | Build | Farm |
| 16:49 | Create | Villager (Male) |
| 16:50 | Build | Farm |
| 16:53 | Create | Villager (Male) |
| 16:53 | Create | Villager (Male) |
| 16:54 | Create | Monk |
| 17:04 | Build | Farm |
| 17:09 | Build | Farm |
| 17:15 | Build | Farm |
| 17:18 | Create | Villager (Male) |
| 17:18 | Create | Villager (Male) |
| 17:20 | Build | Farm |
| 17:22 | Create | Villager (Male) |
| 17:32 | Build | House |
| 17:36 | Build | Farm |
| 17:44 | Create | Villager (Male) |
| 17:46 | Build | Farm |
| 17:51 | Build | Farm |
| 17:52 | Create | Villager (Male) |
| 17:53 | Create | Monk |
| 17:55 | Create | Villager (Male) |
| 17:58 | Build | House |
| 18:06 | Build | Farm |
| 18:11 | Create | Villager (Male) |
| 18:14 | Build | Farm |
| 18:19 | Create | Villager (Male) |
| 18:26 | Create | Villager (Male) |
| 18:27 | Build | Farm |
| 18:31 | Build | House |
| 18:31 | Build | House |
| 18:38 | Create | Villager (Male) |
| 18:41 | Create | Villager (Male) |
| 18:47 | Build | Mining Camp |
| 18:49 | Create | Villager (Male) |
| 19:01 | Create | Villager (Male) |
| 19:03 | Create | Villager (Male) |
| 19:13 | Build | House |
| 19:14 | Build | House |
| 19:20 | Create | Villager (Male) |
| 19:27 | Create | Villager (Male) |
| 19:31 | Create | Villager (Male) |
| 19:32 | Build | Farm |
| 19:33 | Build | Farm |
| 19:35 | Create | Villager (Male) |
| 19:37 | Build | House |
| 19:39 | Create | Villager (Male) |
| 19:43 | Build | Farm |
| 19:46 | Build | Farm |
| 19:55 | Create | Villager (Male) |
| 19:55 | Create | Villager (Male) |
| 19:59 | Research | Wheelbarrow |
| 19:59 | Research | Wheelbarrow |
| 20:09 | Create | Villager (Male) |
| 20:13 | Build | Farm |
| 20:19 | Create | Villager (Male) |
| 20:28 | Create | Villager (Male) |
| 20:30 | Build | Farm |
| 20:32 | Create | Villager (Male) |
| 20:32 | Create | Villager (Male) |
| 20:34 | Build | House |
| 20:40 | Create | Villager (Male) |
| 20:43 | Build | House |
| 20:50 | Create | Villager (Male) |
| 20:58 | Create | Villager (Male) |
| 21:08 | Research | Bow Saw |
| 21:09 | Create | Villager (Male) |
| 21:11 | Build | House |
| 21:17 | Create | Villager (Male) |
| 21:22 | Build | Farm |
| 21:27 | Build | Farm |
| 21:28 | Build | Farm |
| 21:33 | Create | Villager (Male) |
| 21:33 | Create | Villager (Male) |
| 21:38 | Create | Villager (Male) |
| 21:38 | Create | Villager (Male) |
| 21:43 | Build | House |
| 21:50 | Create | Villager (Male) |
| 22:00 | Research | Hand Cart |
| 22:01 | Create | Villager (Male) |
| 22:04 | Build | House |
| 22:07 | Create | Villager (Male) |
Build order — 4lex
First 150 of 289 actions detected
| 0:01 | Create | Villager (Male) |
| 0:02 | Create | Villager (Male) |
| 0:03 | Build | House |
| 0:05 | Build | House |
| 0:11 | Create | Villager (Male) |
| 0:20 | Create | Villager (Male) |
| 1:25 | Create | Villager (Male) |
| 1:51 | Create | Villager (Male) |
| 2:00 | Build | Lumber Camp |
| 2:21 | Create | Villager (Male) |
| 2:45 | Create | Villager (Male) |
| 3:08 | Build | House |
| 3:10 | Build | House |
| 3:18 | Create | Villager (Male) |
| 3:18 | Create | Villager (Male) |
| 3:35 | Build | House |
| 3:42 | Create | Villager (Male) |
| 3:55 | Create | Villager (Male) |
| 4:44 | Create | Villager (Male) |
| 5:15 | Create | Villager (Male) |
| 5:19 | Create | Villager (Male) |
| 5:40 | Create | Villager (Male) |
| 5:42 | Build | Mill |
| 5:51 | Create | Villager (Male) |
| 6:00 | Create | Villager (Male) |
| 6:24 | Create | Villager (Male) |
| 6:41 | Build | Farm |
| 6:44 | Build | Farm |
| 6:50 | Create | Villager (Male) |
| 7:09 | Create | Villager (Male) |
| 7:26 | Build | Farm |
| 8:29 | Build | Mining Camp |
| 8:41 | Create | Villager (Male) |
| 8:42 | Research | Feudal Age |
| 9:26 | Create | Villager (Male) |
| 9:26 | Create | Villager (Male) |
| 9:53 | Build | Barracks |
| 11:22 | Age | Feudal Age |
| 11:25 | Build | Archery Range |
| 11:28 | Build | Blacksmith |
| 11:55 | Research | Double-Bit Axe |
| 12:14 | Research | Castle Age |
| 12:50 | Research | Gold Mining |
| 12:53 | Research | Horse Collar |
| 13:00 | Create | Villager (Male) |
| 13:51 | Build | House |
| 14:54 | Age | Castle Age |
| 14:57 | Create | Skirmisher |
| 14:57 | Create | Skirmisher |
| 15:04 | Create | Cavalry Archer |
| 15:04 | Create | Cavalry Archer |
| 15:05 | Research | Fletching |
| 15:07 | Create | Villager (Male) |
| 15:10 | Build | Farm |
| 15:11 | Build | Farm |
| 15:25 | Create | Villager (Male) |
| 15:35 | Build | Town Center |
| 15:41 | Research | Bow Saw |
| 15:44 | Create | Cavalry Archer |
| 15:47 | Create | Villager (Male) |
| 16:04 | Create | Villager (Male) |
| 16:06 | Build | Farm |
| 16:41 | Build | House |
| 16:45 | Build | House |
| 16:47 | Build | House |
| 16:55 | Create | Villager (Male) |
| 16:55 | Create | Villager (Male) |
| 17:13 | Create | Villager (Male) |
| 17:13 | Create | Villager (Male) |
| 17:18 | Build | Town Center |
| 17:26 | Create | Villager (Male) |
| 17:47 | Research | Bodkin Arrow |
| 17:55 | Build | Farm |
| 17:58 | Build | Farm |
| 18:00 | Build | House |
| 18:02 | Build | House |
| 18:03 | Create | Villager (Male) |
| 18:23 | Create | Villager (Male) |
| 18:38 | Create | Villager (Male) |
| 18:51 | Create | Villager (Male) |
| 18:57 | Create | Villager (Male) |
| 19:02 | Build | Farm |
| 19:03 | Build | Farm |
| 19:11 | Create | Villager (Male) |
| 19:24 | Create | Villager (Male) |
| 19:28 | Create | Villager (Male) |
| 19:37 | Create | Villager (Male) |
| 19:49 | Create | Villager (Male) |
| 19:52 | Build | Farm |
| 19:55 | Create | Villager (Male) |
| 19:58 | Build | Farm |
| 19:59 | Build | Farm |
| 19:59 | Build | Farm |
| 19:59 | Build | Farm |
| 20:01 | Create | Villager (Male) |
| 20:03 | Build | House |
| 20:04 | Build | House |
| 20:05 | Build | House |
| 20:12 | Create | Cavalry Archer |
| 20:13 | Create | Cavalry Archer |
| 20:18 | Create | Villager (Male) |
| 20:24 | Build | Farm |
| 20:27 | Build | Farm |
| 20:27 | Build | Farm |
| 20:28 | Build | Farm |
| 20:33 | Create | Villager (Male) |
| 20:33 | Create | Villager (Male) |
| 20:41 | Build | Farm |
| 20:45 | Create | Villager (Male) |
| 20:53 | Create | Villager (Male) |
| 21:12 | Build | Mill |
| 21:13 | Build | Farm |
| 21:13 | Build | Farm |
| 21:13 | Build | Farm |
| 21:14 | Build | Farm |
| 21:14 | Build | Farm |
| 21:15 | Create | Villager (Male) ×2 |
| 21:20 | Build | Market |
| 21:26 | Build | House |
| 21:27 | Build | House |
| 21:30 | Create | Villager (Male) |
| 21:36 | Create | Villager (Male) |
| 21:39 | Create | Villager (Male) |
| 21:56 | Create | Villager (Male) |
| 21:57 | Create | Villager (Male) |
| 22:00 | Build | University |
| 22:07 | Build | House |
| 22:09 | Build | House |
| 22:10 | Build | House |
| 22:11 | Build | House |
| 22:13 | Create | Villager (Male) ×4 |
| 22:15 | Build | Farm |
| 22:16 | Build | Farm |
| 22:21 | Build | Farm |
| 22:29 | Create | Villager (Male) |
| 22:44 | Research | Loom |
| 22:44 | Research | Wheelbarrow |
| 22:44 | Research | Wheelbarrow |
| 22:50 | Build | Farm |
| 22:51 | Build | Farm |
| 22:51 | Build | Farm |
| 22:51 | Build | Farm |
| 22:51 | Build | Farm |
| 23:06 | Create | Villager (Male) |
| 23:06 | Create | Villager (Male) |
| 23:16 | Create | Villager (Male) |
| 23:20 | Build | Stable |
| 23:25 | Build | Archery Range |
| 23:31 | Build | House |
| 23:31 | Build | House |
Build order — ELEOS | wosm
First 150 of 345 actions detected
| 0:01 | Create | Villager (Male) |
| 0:01 | Create | Villager (Male) |
| 0:02 | Build | House |
| 0:03 | Build | House |
| 0:15 | Create | Villager (Male) |
| 0:16 | Create | Villager (Male) |
| 1:38 | Create | Villager (Male) |
| 1:39 | Create | Villager (Male) |
| 1:45 | Build | Lumber Camp |
| 1:52 | Create | Villager (Male) |
| 2:17 | Create | Villager (Male) |
| 2:38 | Create | Villager (Male) |
| 3:15 | Create | Villager (Male) |
| 3:40 | Create | Villager (Male) |
| 3:47 | Build | House |
| 4:01 | Create | Villager (Male) |
| 4:20 | Create | Villager (Male) |
| 4:44 | Create | Villager (Male) |
| 5:22 | Create | Villager (Male) |
| 5:28 | Build | Barracks |
| 6:13 | Research | Feudal Age |
| 6:45 | Create | Militia |
| 6:52 | Build | House |
| 7:04 | Create | Villager (Male) |
| 7:18 | Build | Mill |
| 7:29 | Create | Militia |
| 7:33 | Build | House |
| 8:00 | Create | Militia |
| 8:10 | Research | Loom |
| 8:26 | Age | Feudal Age |
| 8:36 | Create | Villager (Male) |
| 8:36 | Create | Villager (Male) |
| 8:57 | Build | Watch Tower |
| 9:01 | Create | Villager (Male) |
| 9:16 | Build | Mining Camp |
| 9:38 | Create | Villager (Male) |
| 9:41 | Research | Double-Bit Axe |
| 9:57 | Create | Villager (Male) |
| 10:30 | Create | Villager (Male) |
| 10:34 | Build | Farm |
| 10:34 | Build | Farm |
| 10:56 | Build | Watch Tower |
| 10:59 | Create | Villager (Male) |
| 11:01 | Build | Farm |
| 11:06 | Build | House |
| 11:18 | Create | Villager (Male) |
| 11:29 | Create | Villager (Male) |
| 11:56 | Create | Villager (Male) |
| 12:06 | Create | Villager (Male) |
| 12:09 | Build | Farm |
| 12:16 | Create | Villager (Male) |
| 12:24 | Build | Mill |
| 12:39 | Build | House |
| 12:41 | Create | Villager (Male) |
| 12:51 | Create | Villager (Male) |
| 13:09 | Build | Market |
| 13:46 | Build | House |
| 13:48 | Create | Villager (Male) |
| 14:08 | Build | House |
| 14:09 | Create | Villager (Male) |
| 14:09 | Create | Villager (Male) |
| 14:34 | Build | Mining Camp |
| 14:38 | Create | Villager (Male) |
| 14:59 | Build | House |
| 15:08 | Build | House |
| 15:15 | Create | Villager (Male) |
| 15:15 | Create | Villager (Male) |
| 15:29 | Build | Farm |
| 15:30 | Build | Farm |
| 16:12 | Create | Villager (Male) |
| 16:35 | Build | House |
| 16:47 | Build | Farm |
| 16:49 | Create | Villager (Male) |
| 17:01 | Build | House |
| 17:04 | Build | Stone Wall |
| 17:18 | Build | Farm |
| 17:23 | Build | Farm |
| 17:24 | Create | Villager (Male) |
| 17:27 | Build | Market |
| 17:52 | Create | Villager (Male) |
| 18:19 | Build | Blacksmith |
| 18:38 | Create | Villager (Male) |
| 18:46 | Build | Lumber Camp |
| 18:53 | Research | Castle Age |
| 19:23 | Build | Outpost |
| 19:27 | Research | Town Watch |
| 20:47 | Build | Barracks |
| 20:51 | Build | House |
| 21:43 | Age | Castle Age |
| 21:44 | Build | Siege Workshop |
| 21:46 | Build | Town Center |
| 21:48 | Research | Bow Saw |
| 21:50 | Build | Town Center |
| 21:58 | Build | Town Center |
| 22:02 | Create | Villager (Male) |
| 22:17 | Create | Mangonel |
| 22:19 | Create | Villager (Male) |
| 22:20 | Create | Villager (Male) |
| 22:32 | Create | Villager (Male) |
| 22:49 | Create | Mangonel |
| 22:51 | Create | Villager (Male) |
| 22:51 | Create | Villager (Male) |
| 22:51 | Create | Villager (Male) |
| 22:59 | Build | House |
| 23:11 | Create | Villager (Male) |
| 23:11 | Create | Villager (Male) |
| 23:16 | Create | Villager (Male) |
| 23:16 | Create | Villager (Male) |
| 23:33 | Create | Villager (Male) |
| 23:33 | Create | Villager (Male) |
| 23:47 | Create | Villager (Male) |
| 23:47 | Create | Villager (Male) |
| 23:55 | Create | Mangonel |
| 23:57 | Build | Farm |
| 23:58 | Build | Farm |
| 23:58 | Build | Farm |
| 23:58 | Build | Farm |
| 23:58 | Build | Farm |
| 24:10 | Build | Farm |
| 24:19 | Create | Villager (Male) |
| 24:30 | Create | Villager (Male) |
| 24:30 | Create | Villager (Male) |
| 24:46 | Create | Villager (Male) |
| 24:46 | Create | Villager (Male) |
| 24:48 | Build | Monastery |
| 25:04 | Research | Fletching |
| 25:07 | Create | Villager (Male) |
| 25:07 | Create | Villager (Male) |
| 25:12 | Create | Villager (Male) |
| 25:12 | Create | Villager (Male) |
| 25:32 | Create | Villager (Male) |
| 25:32 | Create | Villager (Male) |
| 25:52 | Create | Mangonel |
| 25:53 | Create | Mangonel |
| 25:54 | Create | Villager (Male) |
| 25:54 | Create | Villager (Male) |
| 26:02 | Build | Lumber Camp |
| 26:21 | Build | Farm |
| 26:22 | Build | Farm |
| 26:25 | Build | Farm |
| 26:25 | Build | Farm |
| 26:28 | Create | Monk |
| 26:32 | Create | Villager (Male) |
| 26:32 | Create | Villager (Male) |
| 26:48 | Build | Farm |
| 26:48 | Build | Farm |
| 26:57 | Build | House |
| 26:59 | Build | House |
| 27:01 | Build | House |
| 27:07 | Create | Villager (Male) |
Build order — ELEOS | Xarkey
First 150 of 395 actions detected
| 0:01 | Create | Villager (Male) ×3 |
| 0:02 | Build | House |
| 0:03 | Research | Loom |
| 0:06 | Create | Villager (Male) ×3 |
| 1:31 | Create | Villager (Male) |
| 1:42 | Build | House |
| 1:56 | Create | Villager (Male) |
| 2:12 | Build | Lumber Camp |
| 2:27 | Create | Villager (Male) |
| 2:27 | Create | Villager (Male) |
| 2:27 | Create | Villager (Male) |
| 3:10 | Create | Villager (Male) |
| 3:35 | Create | Villager (Male) |
| 3:35 | Create | Villager (Male) |
| 3:48 | Build | House |
| 4:07 | Create | Villager (Male) |
| 4:08 | Create | Villager (Male) |
| 4:37 | Create | Villager (Male) |
| 4:49 | Create | Villager (Male) |
| 5:05 | Build | Mill |
| 5:32 | Create | Villager (Male) |
| 5:54 | Build | House |
| 6:10 | Create | Villager (Male) |
| 6:33 | Create | Villager (Male) |
| 6:33 | Create | Villager (Male) |
| 7:13 | Research | Feudal Age |
| 7:17 | Create | Villager (Male) |
| 7:17 | Research | Feudal Age |
| 7:18 | Research | Feudal Age |
| 7:37 | Build | Mining Camp |
| 8:43 | Create | Villager (Male) |
| 9:45 | Create | Villager (Male) |
| 9:50 | Build | Farm |
| 10:05 | Age | Feudal Age |
| 10:07 | Build | Market |
| 10:10 | Build | Blacksmith |
| 10:23 | Build | Farm |
| 10:44 | Build | Farm |
| 11:03 | Build | Farm |
| 11:05 | Build | Farm |
| 11:08 | Build | Farm |
| 11:27 | Research | Castle Age |
| 11:28 | Research | Castle Age |
| 11:35 | Build | Farm |
| 12:14 | Build | House |
| 12:19 | Build | Farm |
| 12:25 | Research | Double-Bit Axe |
| 12:38 | Create | Villager (Male) |
| 14:07 | Age | Castle Age |
| 14:08 | Create | Villager (Male) |
| 14:10 | Build | Town Center |
| 14:19 | Build | Town Center |
| 14:29 | Create | Villager (Male) |
| 14:38 | Build | Farm |
| 14:39 | Create | Villager (Male) |
| 14:50 | Create | Villager (Male) |
| 15:11 | Create | Villager (Male) |
| 15:18 | Build | House |
| 15:23 | Research | Horse Collar |
| 15:36 | Create | Villager (Male) |
| 15:36 | Create | Villager (Male) |
| 15:39 | Create | Villager (Male) |
| 15:40 | Create | Villager (Male) |
| 15:41 | Create | Villager (Male) |
| 15:51 | Create | Villager (Male) |
| 15:57 | Create | Villager (Male) |
| 16:00 | Build | Farm |
| 16:04 | Create | Villager (Male) |
| 16:07 | Build | Farm |
| 16:13 | Create | Villager (Male) |
| 16:17 | Build | Farm |
| 16:25 | Create | Villager (Male) |
| 16:25 | Create | Villager (Male) |
| 16:29 | Build | Farm |
| 16:35 | Build | Farm |
| 16:42 | Create | Villager (Male) |
| 16:43 | Create | Villager (Male) |
| 16:55 | Create | Villager (Male) |
| 16:58 | Build | Farm |
| 16:59 | Build | Farm |
| 17:00 | Build | Farm |
| 17:04 | Create | Villager (Male) |
| 17:04 | Create | Villager (Male) |
| 17:08 | Build | Farm |
| 17:12 | Build | House |
| 17:12 | Build | House |
| 17:19 | Create | Villager (Male) |
| 17:24 | Build | Farm |
| 17:35 | Build | Farm |
| 17:37 | Create | Villager (Male) |
| 17:43 | Create | Villager (Male) |
| 17:44 | Create | Villager (Male) |
| 17:52 | Build | House |
| 17:53 | Build | House |
| 17:57 | Create | Villager (Male) |
| 18:00 | Build | Farm |
| 18:03 | Create | Villager (Male) |
| 18:18 | Create | Villager (Male) |
| 18:26 | Build | Town Center |
| 18:33 | Build | Farm |
| 18:34 | Create | Villager (Male) |
| 18:37 | Create | Villager (Male) |
| 18:43 | Create | Villager (Male) |
| 18:43 | Create | Villager (Male) |
| 18:48 | Build | Farm |
| 18:54 | Build | House |
| 18:55 | Create | Villager (Male) |
| 19:07 | Create | Villager (Male) |
| 19:08 | Create | Villager (Male) |
| 19:11 | Build | Farm |
| 19:12 | Build | Farm |
| 19:13 | Create | Villager (Male) |
| 19:14 | Create | Villager (Male) |
| 19:19 | Build | Farm |
| 19:20 | Create | Villager (Male) |
| 19:21 | Create | Villager (Male) |
| 19:25 | Create | Villager (Male) |
| 19:37 | Create | Villager (Male) |
| 19:51 | Build | Farm |
| 19:52 | Build | Farm |
| 19:52 | Build | Farm |
| 19:55 | Build | Farm |
| 19:55 | Create | Villager (Male) |
| 20:01 | Build | House |
| 20:02 | Build | House |
| 20:02 | Build | House |
| 20:03 | Create | Villager (Male) |
| 20:05 | Create | Villager (Male) |
| 20:05 | Create | Villager (Male) |
| 20:07 | Create | Villager (Male) |
| 20:11 | Build | House |
| 20:12 | Build | House |
| 20:12 | Build | House |
| 20:15 | Create | Villager (Male) |
| 20:21 | Create | Villager (Male) |
| 20:27 | Build | University |
| 20:32 | Research | Wheelbarrow |
| 20:32 | Research | Wheelbarrow |
| 20:33 | Research | Loom |
| 20:33 | Create | Villager (Male) ×2 |
| 20:37 | Create | Villager (Male) |
| 20:40 | Build | Farm |
| 20:43 | Build | Farm |
| 20:53 | Build | Farm |
| 20:53 | Create | Villager (Male) |
| 20:54 | Create | Villager (Male) |
| 20:54 | Create | Villager (Male) |
| 20:57 | Build | House |
| 20:57 | Build | House |
| 21:00 | Build | House |
Match timeline
| 5:28 | ELEOS | wosm · first_building Barracks |
| 8:17 | Maple Jordan · age_up feudal |
| 8:26 | ELEOS | wosm · age_up feudal |
| 8:40 | Maple Jordan · wall_segment Palisade Wall x1 |
| 8:41 | Maple Jordan · wall_segment Palisade Wall x1 |
| 8:44 | Maple Jordan · wall_segment Palisade Wall x1 |
| 8:46 | Maple Jordan · wall_segment Palisade Wall x1 |
| 8:47 | Maple Jordan · wall_segment Palisade Wall x1 |
| 8:55 | Rakosnik · age_up feudal |
| 9:53 | 4lex · first_building Barracks |
| 10:01 | Maple Jordan · wall_segment Stone Wall x1 |
| 10:05 | ELEOS | Xarkey · age_up feudal |
| 10:31 | Viktor Dufka · age_up feudal |
| 10:32 | Rakosnik · first_building Barracks |
| 11:02 | Sam_09 · age_up feudal |
| 11:22 | 4lex · age_up feudal |
| 11:22 | Agen · age_up feudal |
| 11:25 | 4lex · first_building Archery Range |
| 11:29 | Maple Jordan · wall_segment Stone Wall x1 |
| 12:42 | Viktor Dufka · first_market_buy 100 wood |
| 13:55 | Sam_09 · age_up castle |
| 14:01 | Viktor Dufka · age_up castle |
| 14:03 | Sam_09 · first_building Siege Workshop |
| 14:04 | Viktor Dufka · first_building Monastery |
| 14:07 | ELEOS | Xarkey · age_up castle |
| 14:53 | Sam_09 · first_market_buy 100 wood |
| 14:54 | 4lex · age_up castle |
| 15:22 | Agen · age_up castle |
| 15:29 | Agen · first_building Monastery |
| 16:03 | ELEOS | Xarkey · first_market_buy 100 food |
| 16:26 | Sam_09 · first_building Castle |
| 16:51 | ELEOS | wosm · first_market_buy 100 food |
| 17:04 | ELEOS | wosm · wall_segment Stone Wall x1 |
| 18:26 | Agen · first_building Castle |
| 19:28 | Agen · first_market_sell 100 food |
| 19:29 | Agen · first_market_buy 100 stone |
| 19:38 | Rakosnik · first_building Stable |
| 21:02 | Maple Jordan · wall_segment Palisade Wall x1 |
| 21:20 | Rakosnik · first_market_buy 100 wood |
| 21:43 | ELEOS | wosm · age_up castle |
| 21:44 | ELEOS | wosm · first_building Siege Workshop |
| 22:11 | Rakosnik · age_up castle |
| 22:16 | ELEOS | wosm · first_market_sell 100 food |
| 22:16 | Maple Jordan · first_market_sell 100 wood |
| 22:18 | Maple Jordan · first_market_buy 100 food |
| 23:14 | ELEOS | Xarkey · first_building Monastery |
| 23:20 | 4lex · first_building Stable |
| 23:48 | ELEOS | Xarkey · first_market_sell 100 wood |
| 24:16 | Viktor Dufka · first_building Barracks |
| 24:17 | 4lex · first_market_buy 100 food |
| 24:24 | Viktor Dufka · first_building Castle |
| 24:48 | ELEOS | wosm · first_building Monastery |
| 24:48 | ELEOS | Xarkey · first_building Castle |
| 24:53 | 4lex · first_building Monastery |
| 24:55 | ELEOS | Xarkey · first_building Siege Workshop |
| 25:17 | Viktor Dufka · first_building Stable |
| 25:19 | 4lex · first_market_sell 100 wood |
| 25:26 | Viktor Dufka · first_building Siege Workshop |
| 25:53 | Maple Jordan · age_up castle |
| 26:31 | ELEOS | Xarkey · first_building Barracks |
| 27:18 | Viktor Dufka · age_up imperial |
| 27:27 | Maple Jordan · first_building Castle |
| 27:47 | ELEOS | Xarkey · age_up imperial |
| 28:10 | Sam_09 · first_market_sell 100 wood |
| 28:32 | 4lex · age_up imperial |
| 30:10 | Sam_09 · age_up imperial |
| 30:13 | Sam_09 · first_building Barracks |
| 30:49 | Rakosnik · first_building Archery Range |
| 31:05 | 4lex · first_building Castle |
| 31:48 | Sam_09 · first_building Stable |
| 33:08 | Rakosnik · first_building Siege Workshop |
| 33:18 | Viktor Dufka · first_market_sell 100 food |
| 34:04 | Rakosnik · first_market_sell 100 food |
| 34:48 | Rakosnik · first_building Castle |
| 35:12 | 4lex · wall_segment Stone Wall x1 |
| 35:14 | Viktor Dufka · tribute_sent a jugador 1 |
| 35:14 | Viktor Dufka · tribute_sent a jugador 2 |
| 35:14 | Viktor Dufka · tribute_sent a jugador 3 |
| 35:14 | Viktor Dufka · tribute_sent a jugador 5 |
| 35:14 | Viktor Dufka · tribute_sent a jugador 6 |
| 35:14 | Viktor Dufka · tribute_sent a jugador 7 |
| 35:14 | Viktor Dufka · tribute_sent a jugador 8 |
| 35:35 | Maple Jordan · first_building Barracks |
| 36:01 | ELEOS | Xarkey · wall_segment Stone Wall x3 |
| 37:22 | ELEOS | Xarkey · wall_segment Stone Wall x1 |
| 37:42 | ELEOS | wosm · age_up imperial |
| 38:25 | Rakosnik · age_up imperial |
| 38:35 | Viktor Dufka · tribute_sent a jugador 1 |
| 38:35 | Viktor Dufka · tribute_sent a jugador 2 |
| 38:35 | Viktor Dufka · tribute_sent a jugador 3 |
| 38:35 | Viktor Dufka · tribute_sent a jugador 5 |
| 38:35 | Viktor Dufka · tribute_sent a jugador 6 |
| 38:35 | Viktor Dufka · tribute_sent a jugador 7 |
| 38:35 | Viktor Dufka · tribute_sent a jugador 8 |
| 38:51 | ELEOS | Xarkey · first_building Archery Range |
| 38:52 | Maple Jordan · age_up imperial |
| 40:01 | Viktor Dufka · tribute_sent a jugador 1 |
| 40:01 | Viktor Dufka · tribute_sent a jugador 2 |
| 40:01 | Viktor Dufka · tribute_sent a jugador 3 |
| 40:01 | Viktor Dufka · tribute_sent a jugador 5 |
| 40:01 | Viktor Dufka · tribute_sent a jugador 6 |
| 40:01 | Viktor Dufka · tribute_sent a jugador 7 |
| 40:01 | Viktor Dufka · tribute_sent a jugador 8 |
| 40:17 | Maple Jordan · first_building Siege Workshop |
| 41:01 | 4lex · resign |
[ AI ANALYSIS · 1 CREDIT ]
What really happened in this match?
Wolo.gg analyzes every decision: build order, eco, micro, common mistakes by bracket. Personalized analysis on WhatsApp or Discord in 30 seconds.
Civ guide
Malians
Perfil
Jugador #11386341